 Dungeon Crawl Stone Soup version 0.26.0-10-g1f06aea511 (webtiles) character file.

Game seed: 10163465074049858593

323 funkygono the Firebug (level 6, -4/43 HPs)
             Began as a Demonspawn Fire Elementalist on Jan 24, 2021.
             Was an Initiate of Vehumet.
             Slain by Duvessa
             ... wielding a +0 rapier of speed
              (13 damage)
             ... on level 4 of the Dungeon.
             The game lasted 00:09:40 (4193 turns).

funkygono the Firebug (DsFE)                        Turns: 4193, Time: 00:09:41

Health: -4/43      AC:  7    Str:  8    XL:     6   Next: 23%
Magic:  0/11       EV: 27    Int: 25    God:    Vehumet [......]
Gold:   184        SH:  0    Dex: 13    Spells: 3/12 levels left

rFire    . . .     SeeInvis .   f - +0 dagger
rCold    . . .     Faith    .   (no shield)
rNeg     + . .     Spirit   +   q - +1 robe
rPois    .         Reflect  .   (helmet restricted)
rElec    .         Harm     .   (no cloak)
rCorr    .         Rampage  .   l - +0 pair of gloves
Will     .....                  g - +0 pair of boots
Stlth    ++........             k - amulet of the acrobat
HPRegen  0.14/turn              d - +6 ring of intelligence
MPRegen  0.12/turn              h - ring of positive energy

@: acrobat
A: horns 1, magic shield, sharp scales 2
a: Renounce Religion


You were on level 4 of the Dungeon.
You worshipped Vehumet.
Vehumet was noncommittal.
You visited 1 branch of the dungeon, and saw 4 of its levels.

You collected 184 gold pieces.

Inventory:

Hand Weapons
 f - a +0 dagger (weapon)
Armour
 g - a +0 pair of boots (worn)
 l - a +0 pair of gloves (worn)
 q - a +1 robe (worn)
Jewellery
 a - an uncursed ring of positive energy
 d - a +6 ring of intelligence (left hand)
 h - a ring of positive energy (right hand)
 k - an amulet of the acrobat (around neck)
 n - an uncursed amulet of guardian spirit
Scrolls
 e - a scroll of teleportation
 i - a scroll of blinking
 v - 2 scrolls of magic mapping
Potions
 b - a potion of brilliance {unknown}
 c - a potion of berserk rage
 j - 2 potions of curing {unknown}
 m - a potion of heal wounds
 o - a potion of attraction {unknown}
 s - 3 potions of flight
 t - a potion of resistance {unknown}


   Skills:
 + Level 1.5 Fighting
 + Level 0.2 Short Blades
 + Level 2.0 Dodging
 + Level 2.1 Stealth
 * Level 3.7 Spellcasting
 * Level 2.9 Conjurations
 * Level 4.2 Fire Magic


You had 3 spell levels left.
You knew the following spells:

 Your Spells              Type           Power        Failure   Level
a - Foxfire               Conj/Fire      88%          2%          1
b - Inner Flame           Hex/Fire       15%          12%         3
c - Fireball              Conj/Fire      11%          52%         5

Your spell library contained the following spells:

 Spells                   Type           Power        Failure   Level
 Conjure Flame            Conj/Fire      22%          6%          3
 Sticky Flame             Conj/Fire      22%          22%         4


Dungeon Overview and Level Annotations

Branches:
Dungeon (4/15)
 Temple: D:4-7

Altars:
Dithmenos
Elyvilon
Hepliaklqana
Makhleb
Vehumet

Annotations:
D:4 Duvessa


Innate Abilities, Weirdness & Mutations

You have a pair of small horns on your head.
When hurt, damage is shared between your health and your magic reserves.
You are mostly covered in razor-sharp scales. (AC +2, Slay +2)


Message History

Duvessa is heavily wounded.
Duvessa hits you with a +0 rapier of speed.
Casting: Foxfire (safe; 2% risk of failure)
Confirm with . or Enter, or press ? or * to list all spells.
You don't have enough magic to cast that spell.
Unknown command.
Casting: Foxfire (safe; 2% risk of failure)
Confirm with . or Enter, or press ? or * to list all spells.
You don't have enough magic to cast that spell.
You hit Duvessa but do no damage.
Duvessa is heavily wounded.
Duvessa hits you with a +0 rapier of speed! x2
You hit Duvessa.
Duvessa is heavily wounded.
Duvessa hits you with a +0 rapier of speed!
* * * LOW HITPOINT WARNING * * *
Duvessa hits you but does no damage.
Duvessa rages.
Duvessa hits you with a +0 rapier of speed!
You die...

#......_......## #
######....##.## #.
##...##.# #( ####
#.####.# #.#...
#.####.### #).#.#
######......#.# #.#.#
#...^...#.#..##
####..####....#)##.##..#
#....Se@........#####...
###..#..##..#..####.....
#.##.......#..##.....(
..# #................#.
..# #..............#.#.
#...
...............##.## #.#
..................#. ##
...........#....##..
........###..##..


You could see Duvessa (berserk) and a ball python.

Vanquished Creatures
  An ogre (D:4)
  Dowan (D:4)
  An orc priest (D:2)
  An iguana (D:4)
  An orc wizard (D:3)
  2 adders
  2 oozes
  5 worms
  A dart slug (D:2)
  2 leopard geckos
  4 orcs
  2 ball pythons (D:3)
  7 bats
  6 giant cockroaches
  5 hobgoblins (D:1)
  2 quokkas
  7 frilled lizards
  4 goblins
  5 kobolds
  5 rats
64 creatures vanquished.

Vanquished Creatures (others)
  298 foxfires
298 creatures vanquished.

Grand Total: 362 creatures vanquished

Notes
Turn   | Place    | Note
-------+----------+-------------------------------------------
     0 | D:1      | funkygono the Demonspawn Fire Elementalist began the quest
                  | for the Orb.
     0 | D:1      | Reached XP level 1. HP: 13/13 MP: 3/3
   345 | D:1      | Reached skill level 3 in Fire Magic
   656 | D:1      | Gained mutation: You have a pair of small horns on your
                  | head. [demonic ancestry]
   656 | D:1      | Reached XP level 2. HP: 5/19 MP: 1/5
  1150 | D:1      | You fall into a shaft and drop 1 floor!
  1327 | D:2      | Gained mutation: When hurt, damage is shared between your
                  | health and your magic reserves. [demonic ancestry]
  1327 | D:2      | Reached XP level 3. HP: 25/25 MP: 1/6
  2026 | D:2      | Reached skill level 1 in Fighting
  2026 | D:2      | Gained mutation: You are partially covered in razor-sharp
                  | scales. (AC +1, Slay +1) [demonic ancestry]
  2026 | D:2      | Reached XP level 4. HP: 21/32 MP: 0/7
  2164 | D:2      | Found a shadowy altar of Dithmenos.
  2234 | D:2      | Found a white marble altar of Elyvilon.
  2341 | D:2      | Found a burning altar of Makhleb.
  2662 | D:1      | Learned a level 3 spell: Inner Flame
  2900 | D:3      | Found a radiant altar of Vehumet.
  2907 | D:3      | Became a worshipper of Vehumet
  3073 | D:3      | Reached XP level 5. HP: 37/37 MP: 6/9
  3111 | D:3      | Learned a level 5 spell: Fireball
  3840 | D:4      | Noticed an ogre
  3848 | D:4      | Killed an ogre
  3849 | D:4      | Reached skill level 4 in Fire Magic
  3905 | D:4      | Gained mutation: You are mostly covered in razor-sharp
                  | scales. (AC +2, Slay +2) [demonic ancestry]
  3905 | D:4      | Reached XP level 6. HP: 30/43 MP: 1/11
  4017 | D:4      | Found a hazy altar of Hepliaklqana.
  4177 | D:4      | Noticed Dowan
  4183 | D:4      | Killed Dowan
  4183 | D:4      | Noticed Duvessa
  4193 | D:4      | Slain by Duvessa

Illustrated notes

Levels and vault maps discovered:
D:1:      minmay_arrival_arboretum_small, layout_rooms, bh_walls_and_bars
D:2:      layout_rooms, lemuel_round_altar, lemuel_doored_altar,
          overflow_temple_1_default, serial_park_tiny_2
D:3:      layout_basic, vehumet_crystals
D:4:      layout_layer_cave, nicolae_overflow_crystal_walls,
          nicolae_overflow_hidden_temple, minmay_box_of_dots, uniq_duvessa,
          uniq_pikel, uniq_robin

Skill      XL: |  1  2  3  4  5 |
---------------+----------------+-----
Fire Magic     | 3 4 |  4.2
Stealth        | 2 |  2.1
Fighting       | 1 |  1.5
Conjurations   | 2 |  2.9
Dodging        | 2 |  2.0
Spellcasting   | 3 |  3.7
Short Blades   | |  0.2

Action                   |  1- 3 |  4- 6 || total
-------------------------+-------+-------++-------
Melee: Dagger            |    31 |     3 ||    34
       Headbutt          |     6 |     1 ||     7
 Cast: Foxfire           |    77 |    98 ||   175
  Use: Potion            |     1 |     1 ||     2
       Scroll            |       |    12 ||    12
Armor: Robe              |    12 |     8 ||    20
Dodge: Dodged            |    40 |    16 ||    56
